 Dungeon Sprint DCSS version 0.20-a0-223-g066d66b (webtiles) character file.

490 Dfrag the Grappler (level 6, 0/78 HPs)
             Began as a Troll Berserker on Nov 30, 2016.
             Was a Believer of Trog.
             Asphyxiated
             ... in the Dungeon (Sprint I: "Red Sonja").
             The game lasted 00:01:41 (510 turns).

Dfrag the Grappler (Troll Berserker)                 Turns: 510, Time: 00:01:42

Health: 0/78       AC:  5    Str: 27    XL:     6   Next: 90%
Magic:  5/5        EV:  9    Int:  3    God:    Trog [**....]
Gold:   216        SH:  0    Dex: 10    Spells: 5/5 levels left

rFire  . . .     SeeInvis .     (no weapon)
rCold  . . .     Gourm    +     a - +0 animal skin
rNeg   . . .     Faith    .     (no shield)
rPois  .         Spirit   .     (helmet restricted)
rElec  .         Reflect  .     (no cloak)
rCorr  .         Harm     .     (gloves unavailable)
MR     .....     Rnd*Rage +     (boots unavailable)
Stlth  +......... NoTele   +    (no amulet)
                                (no ring)
                                (no ring)

@: lethally poisoned (0 -> -22), exhausted, hasted and slowed, very heavily
drained
A: unfitting armour, claws 3, berserk 1, fast metabolism 3, gourmand,
regeneration 1, robust 1, shaggy fur 1, tough skin 2, evolution 1
a: Berserk, Trog's Hand, Burn Spellbooks, Renounce Religion


You were in the Dungeon.
You worshipped Trog.
Trog was pleased with you.
You were very hungry.

You visited 1 branch You collected 216 gold pieces.

Inventory:

Armour
 a - a +0 animal skin (worn)
Scrolls
 h - a scroll of blinking
Potions
 f - 2 potions of magic
 g - a potion of berserk rage
Comestibles
 b - 2 bread rations


   Skills:
 * Level 7.5(0.0) Fighting
 + Level 7.1(0.0) Dodging
 - Level 1.0(0.0) Stealth
 + Level 9.4(0.1) Unarmed Combat


You had 5 spell levels left.
You didn't know any spells.

Dungeon Overview and Level Annotations

Branches:
Dungeon (1/1)

Altars:
Makhleb
Sif Muna
Vehumet
Xom
Jiyva
Lugonu

Annotations:
D Sonja


Innate Abilities, Weirdness & Mutations

You are too large for most types of armour.
You have claws for hands.
Your metabolism is lightning-fast.
You like to eat raw meat.
Your natural rate of healing is unusually fast.
You are covered in fur. (AC +1)
You have very tough skin. (AC +2)
You tend to lose your temper in combat.
You are robust. (+10% HP)
You evolve.


Message History

It was a potion of mutation.
You feel extremely strange.
You feel nature experimenting on you.
Don't worry, failures die fast.
You feel robust.
You feel a little pissed off.
You feel sick.
You feel sick.
Sonja shoots a curare-tipped needle.
The curare-tipped needle hits you.
You are more poisoned.
You have difficulty breathing.
* * * LOW HITPOINT WARNING * * *
You feel as though you will be slow longer.
Things that are here:
a curare-tipped needle; 16 bolts You feel yourself speed up.
* * * LOW HITPOINT WARNING * * *
You feel very sick.
Sonja bows elegantly.
Sonja shoots a curare-tipped needle.
The curare-tipped needle hits you.
You are more poisoned.
You have difficulty breathing.
You die...

#<.#..').#..'..#__#..+
#..').#..)..#..'..'..#
#..#####+#####'#__####
#..# #(####(?# #..#
##.#§§§§c# #..#
#+#K.§§§§.. #⌠⌠#
+K((_#§≈§§ ####
#_(#'##+# ##'#@# #.###


$K$ #$.$# ##.## #+# You could see Sonja.

Vanquished Creatures
  A slime creature (D)
  Sigmund (D)
  An ogre (D)
  A jelly (D)
  Ijyb (D)
5 creatures vanquished.

Notes
Turn   | Place    | Note
-------+----------+-------------------------------------------
     0 | D        | Dfrag the Troll Berserker began the quest for the Orb.
     0 | D        | Reached XP level 1. HP: 22/22 MP: 0/0
     4 | D        | Noticed Ijyb
    17 | D        | Killed Ijyb
    17 | D        | Reached skill level 4 in Unarmed Combat
    17 | D        | Reached XP level 2. HP: 22/32 MP: 1/1
   136 | D        | Noticed an ogre
   141 | D        | Killed an ogre
   141 | D        | Reached skill level 5 in Fighting
   141 | D        | Reached skill level 6 in Unarmed Combat
   141 | D        | Reached XP level 3. HP: 23/42 MP: 2/2
   141 | D        | Reached XP level 4. HP: 27/50 MP: 3/3
   185 | D        | Noticed Sigmund
   213 | D        | Killed Sigmund
   213 | D        | Reached ** piety under Trog
   213 | D        | Reached skill level 8 in Unarmed Combat
   213 | D        | Reached XP level 5. HP: 9/61 MP: 4/4
   213 | D        | Reached XP level 6. HP: 10/68 MP: 5/5
   421 | D        | Found a burning altar of Makhleb.
   421 | D        | Found a viscous altar of Jiyva.
   421 | D        | Found a shimmering altar of Xom.
   421 | D        | Found a corrupted altar of Lugonu.
   421 | D        | Noticed a slime creature
   428 | D        | Killed a slime creature
   428 | D        | Reached skill level 1 in Stealth
   428 | D        | Reached skill level 9 in Unarmed Combat
   465 | D        | Found a deep blue altar of Sif Muna.
   467 | D        | Found a radiant altar of Vehumet.
   481 | D        | Noticed a centaur warrior
   486 | D        | Noticed Sonja
   501 | D        | HP: 5/106 [Sonja/uncursed short sword of draining (1)]
   508 | D        | Gained mutation: You evolve. [potion of mutation]
   508 | D        | Gained mutation: You are robust. (+10% HP) [potion of mutation]
   508 | D        | Gained mutation: You tend to lose your temper in combat. [potion of mutation]
   510 | D        | Asphyxiated

Vault maps used:
D:        dungeon_sprint_1

Skill      XL: |  1  2  3  4  5  6 |
---------------+-------------------+-----
Fighting       | 3 5 6 7 |  7.5
Dodging        | 3 4 6 7 |  7.1
Unarmed Combat | 4 6 8 9 |  9.4
Stealth        | 1 |  1.0

Action                   |  1- 3 |  4- 6 || total
-------------------------+-------+-------++-------
Melee: Unarmed           |    16 |    37 ||    53
       Punch             |       |     2 ||     2
Invok: Berserk           |       |     2 ||     2
  Use: Potion            |       |     4 ||     4
  Eat: Beef jerky        |       |     1 ||     1
       Chunk             |       |     1 ||     1
Armor: Animal skin       |     3 |    13 ||    16
Dodge: Dodged            |     4 |    27 ||    31
